Map: Ruins of Seras

Players

LindyHop

  • Race: Zerg Zerg
  • League: Platinum

IHeartAsians - Winner!

  • Race: Zerg Zerg
  • League: Platinum

VOD

Have the link to the VOD?

Description

Time

  • Played on: Jan. 7, 2016, 4:07 p.m.
  • Length: 7:42
Show
View Real Time Build Order
Export as new Build Order

LindyHop Zerg 

Build Orders: Hatch First 

Get SALT Encoding   

  12  0:01  Drone  
  13  0:12  Overlord  
  13  0:17  Drone  
  14  0:31  Drone x2  
  14  0:34  Drone  
  17  0:55  Hatchery  
  16  0:59  Drone  
  16  1:01  Extractor  
  16  1:03  Drone  
  17  1:12  Drone  
  17  1:18  Drone  
  19  1:29  Overlord  
  19  1:39  Drone  
  20  2:02  Spawning Pool  
  19  2:20  Evolution Chamber  
  19  2:21  Drone x3  
  19  2:22  Hatchery  
  20  2:24  Evolution Chamber, Drone  
  20  2:28  Drone  
  21  2:32  Drone  
  22  2:38  Drone  
  22  2:41  Drone  
  24  2:50  Metabolic Boost  
  24  2:54  Spine Crawler  
  23  2:59  Zerg Melee Weapons Level 1  
  23  3:07  Queen  
  23  3:12  Zergling x2  
  26  3:14  Zergling x2  
  26  3:17  Zergling x2  
  28  3:24  Drone  
  28  3:25  Baneling Nest  
  28  3:26  Drone  
  29  3:31  Zergling x2  
  29  3:32  Zergling x2  
  31  3:41  Queen  
  33  3:57  Drone x4  
  33  3:58  Drone x2  
  33  4:00  Extractor  
  38  4:09  Drone x4  
  42  4:13  Baneling x3  
  42  4:19  Spine Crawler  
  41  4:26  Extractor  
  41  4:27  Lair, Extractor  
  39  4:38  Roach Warren  
  38  4:39  Drone x3  
  38  4:43  Drone  
  42  4:55  Overlord x2  
  42  4:56  Overlord  
  41  5:07  Drone  
  40  5:17  Zergling x4  
  40  5:18  Zergling x12  
  40  5:19  Zergling x6  
  51  5:32  Spire  
  50  5:39  Queen  
  52  5:53  Drone x3  
  52  5:54  Drone x7  
  52  5:56  Zergling x8  
  66  6:07  Overlord x2  
  66  6:15  Zergling x2  
  61  6:19  Zergling x4  
  61  6:20  Zergling x6  
  64  6:29  Zergling x2  
  64  6:30  Zergling x6  
  68  6:39  Zergling x2  
  69  6:40  Overlord  
  69  6:52  Mutalisk x2  
  72  6:58  Zergling x4  
  72  6:59  Zergling x8  
  74  7:05  Mutalisk  
  76  7:09  Mutalisk  
  76  7:14  Mutalisk  
  80  7:17  Mutalisk  
Show
View Real Time Build Order
Export as new Build Order

IHeartAsians Zerg - Winner!

Build Orders: Hatch First 

Get SALT Encoding   

  12  0:02  Drone  
  13  0:11  Drone  
  14  0:18  Extractor  
  14  0:19  Drone, Extractor  
  13  0:23  Drone  
  13  0:28  Overlord  
  16  0:46  Drone  
  16  0:47  Drone  
  18  0:59  Hatchery  
  18  1:02  Drone  
  18  1:08  Drone  
  19  1:18  Drone  
  20  1:24  Spawning Pool  
  19  1:25  Extractor  
  19  1:28  Drone  
  19  1:43  Drone  
  20  1:51  Overlord  
  20  2:07  Drone  
  21  2:10  Queen  
  21  2:13  Queen  
  25  2:16  Zergling x2  
  25  2:17  Zergling x2  
  27  2:27  Drone x2, Roach Warren  
  28  2:36  Drone  
  30  2:37  Drone  
  30  2:44  Drone  
  30  2:45  Drone  
  34  2:54  Overlord x2  
  32  3:02  Metabolic Boost  
  32  3:08  Drone x2  
  34  3:21  Drone  
  34  3:22  Drone x5  
  34  3:23  Drone x2  
  42  3:28  Lair  
  42  3:32  Drone x2  
  44  3:36  Extractor  
  44  3:40  Drone  
  44  3:45  Drone  
  44  3:58  Drone  
  45  4:04  Extractor  
  45  4:05  Drone x2, Extractor  
  45  4:06  Drone x4  
  49  4:18  Overlord x3  
  49  4:28  Glial Reconstitution  
  49  4:31  Roach  
  51  4:32  Overlord  
  51  4:37  Evolution Chamber  
  50  4:40  Evolution Chamber  
  50  4:41  Roach x3  
  50  4:42  Roach  
  56  4:57  Roach x5  
  61  5:09  Roach x2  
  64  5:18  Zerg Missile Weapons Level 1  
  64  5:19  Zerg Ground Armor Level 1  
  64  5:20  Queen  
  66  5:24  Roach  
  66  5:25  Roach  
  72  5:35  Roach  
  72  5:36  Roach x3  
  78  5:46  Overlord, Roach x3  
  84  6:12  Overlord x2, Roach x4  
  84  6:14  Hatchery  
  91  6:37  Overlord, Roach x3  
  91  6:38  Roach x3  
  103  7:00  Roach x2  
  103  7:01  Roach x2  
  109  7:15  Roach x3  
  115  7:25  Spore Crawler  
  104  7:37  Spore Crawler  
Tags
 
Add a new tag
Caveats
  • Supply blocks, unpowered buildings, or Contaminate may cause inaccurate times.
  • Supply counts are checked every 10 seconds.